[Event "127th NZ Congress 2020"]
[Site "Tauranga"]
[Date "2020.01.16"]
[Round "1.6"]
[White "Ker, Anthony F"]
[Black "Winter, Ryan"]
[Result "1-0"]
[ECO "B13"]
[WhiteElo "2299"]
[BlackElo "1756"]
[Annotator "RC"]
[PlyCount "67"]
[EventDate "2020.01.14"]
[EventType "swiss"]
[EventCountry "NZL"]
[SourceTitle "playchess.com"]
[Source "ChessBase"]
[SourceQuality "1"]
[TimeControl "40/5400+30:1800+30"]

1. e4 c6 2. d4 d5 3. exd5 cxd5 4. Bd3 Nc6 5. c3 Nf6 6. Bf4 Bg4 7. Qb3 Qc8 8. Nd2 e6 9. Ngf3 Be7 10. Ne5 Bh5 11. O-O O-O 12. Rae1 a6 13. a4 Bd6 14. Re3 Qc7 15. Bg3 Bg6 16. Nxg6 hxg6 17. Rfe1 Ne7 18. Bxd6 Qxd6 19. Nf3 Nf5 20. R3e2 Qc7 21. Ne5 Nd6 22. Re3 Rab8 23. Rh3 Nf5 24. Qd1 Rfe8 25. g4 Nd6 26. g5 Nh5 27. Bxg6 Nf4 28. Bh7+ Kh8 29. Rh4 f6 30. Ng6+ Nxg6 31. Bxg6+ Kg8 32. Qh5 Kf8 33. gxf6 gxf6 34. Qh8+ 1-0

[Event "127th NZ Congress 2020"]
[Site "Tauranga"]
[Date "2020.01.16"]
[Round "2.7"]
[White "Dive, Russell John"]
[Black "Pinic, Noel"]
[Result "1-0"]
[ECO "E09"]
[WhiteElo "2298"]
[BlackElo "2054"]
[Annotator "RC"]
[PlyCount "129"]
[EventDate "2020.01.14"]
[EventType "swiss"]
[EventCountry "NZL"]
[SourceTitle "playchess.com"]
[Source "ChessBase"]
[SourceQuality "1"]
[TimeControl "40/5400+30:1800+30"]

1. Nf3 Nf6 2. c4 e6 3. g3 d5 4. Bg2 Be7 5. O-O O-O 6. d4 Nbd7 7. Qc2 c6 8. Nbd2 Re8 9. e4 dxe4 10. Nxe4 Nxe4 11. Qxe4 Nf6 12. Qe2 Qb6 13. Rd1 a5 14. Be3 Qa6 15. Rac1 Bd7 16. Ne5 Rad8 17. Qf3 Rf8 18. Bf1 Qa8 19. h4 Be8 20. Bg5 h6 21. Bf4 b5 22. b3 bxc4 23. bxc4 c5 24. Qxa8 Rxa8 25. d5 Ba4 26. dxe6 fxe6 27. Re1 Rfe8 28. Bh3 Ra6 29. Rc3 Nd7 30. Rd3 Nf8 31. h5 Bf6 32. Re2 Rb6 33. Kh2 Rb4 34. Rd6 Rd8 35. Rxd8 Bxd8 36. Ng6 Rb6 37. Rd2 Bf6 38. Bd6 Nxg6 39. hxg6 Rb2 40. Bxe6+ Kh8 41. Rxb2 Bxb2 42. Bxc5 Bc2 43. Bf7 a4 44. a3 Be4 45. f4 h5 46. Kg1 Bc1 47. Kf2 h4 48. gxh4 Bxf4 49. Bb4 Bc1 50. c5 Bc6 51. h5 Bg5 52. Be6 Bf4 53. Ke2 Bc1 54. Bc3 Bb5+ 55. Kf3 Bc6+ 56. Kg4 Be3 57. Bb4 Bc1 58. Kf5 Bb2 59. Kf4 Bd4 60. Bf5 Bb2 61. Be4 Bc1+ 62. Kf3 Bd7 63. c6 Bc8 64. c7 Bb2 65. Bd6 1-0

[Event "127th NZ Congress 2020"]
[Site "Tauranga"]
[Date "2020.01.16"]
[Round "2.10"]
[White "Milligan, Helen"]
[Black "Sandler, Leonid"]
[Result "1/2-1/2"]
[ECO "B48"]
[WhiteElo "1938"]
[BlackElo "2226"]
[Annotator "ChessBase"]
[PlyCount "52"]
[EventDate "2020.01.14"]
[EventType "swiss"]
[EventCountry "NZL"]
[SourceTitle "playchess.com"]
[Source "ChessBase"]
[SourceQuality "1"]
[TimeControl "40/5400+30:1800+30"]

1. e4 c5 2. Nf3 e6 3. d4 cxd4 4. Nxd4 Nc6 5. Nc3 Qc7 6. Be3 a6 7. Bd3 b5 8. Nxc6 dxc6 9. a4 b4 10. Ne2 Nf6 11. Ng3 e5 12. f3 h5 13. h4 Be7 14. Qe2 Qa5 15. b3 Bc5 16. Qf2 Bxe3 17. Qxe3 Be6 18. Nf1 Nd7 19. Nd2 Qc5 20. Qxc5 Nxc5 21. Bc4 Ke7 22. O-O-O Bd7 23. Nf1 Be6 24. Ne3 Rhd8 25. Rxd8 Rxd8 26. Rd1 Rxd1+ 1/2-1/2

[Event "127th NZ Congress 2020"]
[Site "Tauranga"]
[Date "2020.01.16"]
[Round "3.2"]
[White "Fernandez, Daniel Howard"]
[Black "Gong, Daniel Hanwen"]
[Result "1-0"]
[ECO "E60"]
[WhiteElo "2444"]
[BlackElo "2255"]
[Annotator "RC"]
[PlyCount "73"]
[EventDate "2020.01.14"]
[EventType "swiss"]
[EventCountry "NZL"]
[SourceTitle "playchess.com"]
[Source "ChessBase"]
[SourceQuality "1"]
[TimeControl "40/5400+30:1800+30"]

1. d4 Nf6 2. Nf3 g6 3. c4 Bg7 4. g3 d6 5. Bg2 O-O 6. O-O Nc6 7. b3 e5 8. dxe5 Nxe5 9. Nxe5 dxe5 10. Bb2 Nd7 11. Nc3 Re8 12. Qd2 Nc5 13. Qe3 Ne6 14. Rad1 Nd4 15. Qc1 Qe7 16. e3 Ne6 17. Nd5 Qf8 18. f4 exf4 19. gxf4 f5 20. Qa1 Kh8 21. e4 Bxb2 22. Qxb2+ Qg7 23. e5 a5 24. a3 Rf8 25. h4 Ra6 26. Qf2 h6 27. Nf6 Rf7 28. Bd5 Qf8 29. c5 Rg7 30. Bc4 Ra8 31. Kh2 Nd8 32. Rg1 Qe7 33. Rd3 Be6 34. Rdg3 Bxc4 35. Rxg6 Rxg6 36. Rxg6 Nf7 37. bxc4 1-0

[Event "127th NZ Congress 2020"]
[Site "Tauranga"]
[Date "2020.01.16"]
[Round "3.6"]
[White "Ker, Anthony F"]
[Black "Milligan, Helen"]
[Result "1-0"]
[ECO "C56"]
[WhiteElo "2299"]
[BlackElo "1938"]
[Annotator "RC"]
[PlyCount "129"]
[EventDate "2020.01.14"]
[EventType "swiss"]
[EventCountry "NZL"]
[SourceTitle "playchess.com"]
[Source "ChessBase"]
[SourceQuality "1"]
[TimeControl "40/5400+30:1800+30"]

1. e4 e5 2. Nf3 Nc6 3. d4 exd4 4. Bc4 Nf6 5. e5 Ne4 6. Qe2 Nc5 7. c3 d3 8. Qe3 Be7 9. b4 Ne6 10. O-O d6 11. Rd1 Bd7 12. Rxd3 O-O 13. Na3 Qc8 14. Bb2 Rd8 15. Rad1 Nxe5 16. Nxe5 dxe5 17. Qxe5 Bd6 18. Qh5 g6 19. Qh4 Re8 20. Nb5 Be7 21. Qg3 Bxb5 22. Bxb5 c6 23. Ba4 Qb8 24. Qf3 Qe5 25. Re3 Qf6 26. Bb3 Qxf3 27. Rxf3 Rad8 28. Re1 Bf8 29. Kf1 Bg7 30. Rfe3 Bh6 31. Re4 Bd2 32. R1e2 Kf8 33. Bxe6 Rxe6 34. Rxe6 fxe6 35. Rxe6 Kf7 36. Re4 Bg5 37. g3 Rd2 38. Re2 Rd7 39. c4 Bd2 40. b5 cxb5 41. cxb5 a6 42. bxa6 bxa6 43. f4 h5 44. Kf2 h4 45. Kf3 hxg3 46. hxg3 Bb4 47. Ke4 Re7+ 48. Be5 Rd7 49. Rb2 a5 50. a4 Re7 51. Rh2 Be1 52. Rh7+ Ke6 53. Rxe7+ Kxe7 54. g4 Bd2 55. Kd5 Kd7 56. Kc5 Bb4+ 57. Kb5 Bd2 58. f5 gxf5 59. gxf5 Bb4 60. Bd4 Kd6 61. Bb6 Ke5 62. Bxa5 Bd6 63. Bb6 Kxf5 64. a5 Ke6 65. Kc6 {[%emt 0:09:22] Kd5+} 1-0

[Event "127th NZ Congress 2020"]
[Site "Tauranga"]
[Date "2020.01.16"]
[Round "3.7"]
[White "Reilly, Tim"]
[Black "Polishchuk, Kirill"]
[Result "0-1"]
[ECO "D97"]
[WhiteElo "2098"]
[BlackElo "2151"]
[Annotator "ChessBase"]
[PlyCount "108"]
[EventDate "2020.01.14"]
[EventType "swiss"]
[EventCountry "NZL"]
[SourceTitle "playchess.com"]
[Source "ChessBase"]
[SourceQuality "1"]
[TimeControl "40/5400+30:1800+30"]

1. d4 Nf6 2. c4 g6 3. Nc3 d5 4. Nf3 Bg7 5. Qb3 dxc4 6. Qxc4 O-O 7. e4 a6 8. Be2 b5 9. Qb3 c5 10. dxc5 Bb7 11. O-O Qc7 12. Be3 Nbd7 13. Rac1 Bxe4 14. Nxe4 Nxe4 15. c6 Nb6 16. Rfd1 Nd6 17. Bd4 Bxd4 18. Nxd4 e5 19. Nf3 Ndc4 20. Qc2 Rfe8 21. b3 Nd6 22. Qd2 Nf5 23. Qg5 e4 24. Nd4 Nxd4 25. Rxd4 Re6 26. Qg3 Rc8 27. Qxc7 Rxc7 28. a4 Rexc6 29. Rxc6 Rxc6 30. axb5 Rc1+ 31. Bf1 axb5 32. Rxe4 Nd5 33. g3 Rb1 34. b4 Nxb4 35. Re8+ Kg7 36. Rb8 Nd3 37. Rd8 Ne5 38. Rd5 Nc4 39. Kg2 Rb2 40. Bxc4 bxc4 41. Rc5 Rb4 42. h4 h5 43. Rc6 Kf8 44. Rc7 Ke8 45. f4 Kd8 46. Rc5 Kd7 47. Kf3 Kd6 48. Rc8 Rb3+ 49. Kg2 Kd5 50. Rd8+ Ke4 51. Re8+ Kd3 52. Rd8+ Ke2 53. Re8+ Kd2 54. Re7 Re3 0-1

[Event "127th NZ Congress 2020"]
[Site "Tauranga"]
[Date "2020.01.16"]
[Round "3.8"]
[White "Sole, Michael D"]
[Black "Garbett, Paul Anthony"]
[Result "0-1"]
[ECO "B48"]
[WhiteElo "1804"]
[BlackElo "2185"]
[Annotator "ChessBase"]
[PlyCount "56"]
[EventDate "2020.01.14"]
[EventType "swiss"]
[EventCountry "NZL"]
[SourceTitle "playchess.com"]
[Source "ChessBase"]
[SourceQuality "1"]
[TimeControl "40/5400+30:1800+30"]

1. e4 c5 2. Nf3 e6 3. d4 cxd4 4. Nxd4 Nc6 5. Nc3 Qc7 6. Be3 a6 7. Qf3 Nf6 8. O-O-O Be7 9. Nxc6 bxc6 10. g4 d5 11. g5 dxe4 12. Nxe4 Nd5 13. h4 Rb8 14. Bc4 Rb4 15. Bb3 O-O 16. Bd2 Rb7 17. Bc3 Nxc3 18. Qxc3 Qf4+ 19. Nd2 Rd7 20. Qf3 Bd6 21. Rhe1 Rfd8 22. Qe2 Bc7 23. c3 Qxh4 24. Nf3 Rxd1+ 25. Rxd1 Rxd1+ 26. Qxd1 Qxf2 27. Bc2 g6 28. Nd4 Qg2 0-1

[Event "127th NZ Congress 2020"]
[Site "Tauranga"]
[Date "2020.01.16"]
[Round "3.9"]
[White "Smith, Robert W"]
[Black "Winter, Ryan"]
[Result "1-0"]
[ECO "A11"]
[WhiteElo "2160"]
[BlackElo "1756"]
[Annotator "ChessBase"]
[PlyCount "83"]
[EventDate "2020.01.14"]
[EventType "swiss"]
[EventCountry "NZL"]
[SourceTitle "playchess.com"]
[Source "ChessBase"]
[SourceQuality "1"]
[TimeControl "40/5400+30:1800+30"]

1. Nf3 d5 2. g3 Nf6 3. Bg2 c6 4. c4 Bf5 5. cxd5 cxd5 6. Qb3 Qd7 7. d3 e6 8. Bf4 Nc6 9. O-O Be7 10. Nc3 O-O 11. a4 Rac8 12. Rfc1 Bd6 13. Bxd6 Qxd6 14. Qxb7 Na5 15. Qxa7 Ra8 16. Qe3 Nb3 17. Nd4 Nxc1 18. Rxc1 Bg6 19. Qd2 Qb4 20. Nc6 Qb7 21. Ne5 Rfb8 22. Nxg6 hxg6 23. Rc2 Qb3 24. e4 Rc8 25. exd5 exd5 26. Rc1 Rab8 27. Ra1 d4 28. Nb5 Rd8 29. Ra3 Qe6 30. h3 Qa6 31. Qf4 Rxb5 32. axb5 Qxb5 33. Qc7 Rd7 34. Ra8+ Kh7 35. Qc8 Kh6 36. Bc6 Qxd3 37. Bxd7 Qb1+ 38. Kh2 Qe1 39. Qh8+ Nh7 40. Bc6 Qxf2+ 41. Bg2 d3 42. Qd8 1-0

[Event "127th NZ Congress 2020"]
[Site "Tauranga"]
[Date "2020.01.18"]
[Round "5.8"]
[White "Pinic, Noel"]
[Black "Milligan, Helen"]
[Result "1/2-1/2"]
[ECO "E94"]
[WhiteElo "2054"]
[BlackElo "1940"]
[Annotator "NA RC"]
[PlyCount "65"]
[EventDate "2020.01.14"]
[EventType "swiss"]
[EventCountry "NZL"]
[SourceTitle "playchess.com"]
[Source "ChessBase"]
[SourceQuality "1"]
[TimeControl "40/5400+30:1800+30"]

1. Nf3 Nf6 2. d4 g6 3. c4 Bg7 4. Nc3 d6 5. e4 O-O 6. Be2 Nbd7 7. O-O e5 8. dxe5 dxe5 9. Qc2 c6 10. Rd1 Qe7 11. b3 {[%emt 0:00:33] E94: King's Indian: Classical: 6 Be2 e5 7 0-0: Various Black 7th moves} Re8 12. a4 a5 13. Ba3 Nc5 14. Ne1 b6 (14... h5 15. Nd3 Nfd7 16. Nb1 Bf8 17. Nd2 Qf6 18. Bb2 Nxd3 19. Bxd3 {½-½ (93) Ezat,M (2454)-Movsesian,S (2700) Antalya 2013}) 15. Nd3 Nfd7 16. Nxc5 $146 ({Predecessor:} 16. Bg4 Nf8 17. Bxc8 Raxc8 18. Nxc5 bxc5 {½-½ (66) Podzielny,K-De Jonghe,P Schilde 1971}) 16... Nxc5 17. Rd3 Bf8 18. Bxc5 Qxc5 19. Qd2 Be6 20. h4 Qe7 21. h5 $17 Rad8 22. Rd1 Rxd3 23. Qxd3 Qg5 24. hxg6 hxg6 25. Kf1 Bc5 26. Bf3 Kg7 27. Ne2 Rh8 28. Ng3 Qf4 29. Qd2 Qxd2 30. Rxd2 Kf6 31. Kg1 Ke7 32. Be2 Rd8 33. Rxd8 1/2-1/2

[Event "127th NZ Congress 2020"]
[Site "Tauranga"]
[Date "2020.01.18"]
[Round "5.9"]
[White "Reilly, Tim"]
[Black "Vickers, Josia"]
[Result "1-0"]
[ECO "E49"]
[WhiteElo "2098"]
[BlackElo "1878"]
[Annotator "NA RC"]
[PlyCount "53"]
[EventDate "2020.01.14"]
[EventType "swiss"]
[EventCountry "NZL"]
[SourceTitle "playchess.com"]
[Source "ChessBase"]
[SourceQuality "1"]
[TimeControl "40/5400+30:1800+30"]

1. d4 Nf6 2. c4 e6 3. Nc3 Bb4 4. e3 O-O 5. Bd3 d5 6. Nge2 c5 7. a3 Bxc3+ 8. bxc3 Nc6 9. cxd5 exd5 10. O-O b6 11. f3 Re8 12. Ng3 Bb7 13. Ra2 {[%emt 0:00:00] E49: Nimzo-Indian: Rubinstein: 5 Bd3 d5 6 a3 Bxc3+ 7 bxc3} g6 (13... h5 14. Re2 g6 15. Qe1 Qc8 16. Bb2 Ba6 17. Bxa6 Qxa6 18. e4 cxd4 19. cxd4 Qc4 {1-0 (28) Hakobyan,A (2554)-Gavrilescu,D (2470) Manavgat 2018}) 14. Re2 Qd6 $146 ({Predecessor:} 14... Rc8 15. Kh1 cxd4 16. cxd4 Qd6 17. Bb2 h5 18. e4 h4 19. e5 Qd8 20. exf6 hxg3 21. Rxe8+ Qxe8 22. Qd2 gxh2 23. f4 Rc7 24. f5 Nd8 25. Qg5 Kh7 26. Bc1 {1-0 (26) Di Franco,P (2118)-Leck,G (1930) Bad Homburg 2018}) 15. Qe1 Kg7 16. Qf2 cxd4 17. cxd4 Rac8 {[%emt 0:01:42] [#]} 18. Bb2 (18. e4 $1 $18 dxe4 19. Nxe4 Nxe4 20. fxe4) 18... Rc7 19. e4 dxe4 20. fxe4 Ng4 21. Qf3 h5 22. h3 Nh6 23. e5 Qd8 24. d5 Ne7 25. Nxh5+ (25. e6+ $142 Kh7 26. exf7 Rh8 27. Qxh5 Rc6 28. dxc6 Nef5 29. Bxf5 gxf5 30. Re6 Qf6 31. Bxf6 Rc8 32. Nxf5 Bxc6 33. Qxh6#) 25... gxh5 26. Qf6+ Kg8 27. e6 1-0

[Event "127th NZ Congress 2020"]
[Site "Tauranga"]
[Date "2020.01.18"]
[Round "5.10"]
[White "Dowden, R.A. Tony"]
[Black "Park-Tamati, Philli"]
[Result "1-0"]
[ECO "A10"]
[WhiteElo "2056"]
[BlackElo "1537"]
[Annotator "NA RC"]
[PlyCount "97"]
[EventDate "2020.01.14"]
[EventType "swiss"]
[EventCountry "NZL"]
[SourceTitle "playchess.com"]
[Source "ChessBase"]
[SourceQuality "1"]
[TimeControl "40/5400+30:1800+30"]

1. e4 b6 2. c4 Bb7 3. Nc3 e6 4. Nge2 Bb4 (4... c5 5. g3 Nc6 6. Bg2 Nge7 7. a3 Nd4 8. Nxd4 cxd4 9. Ne2 Nc6 10. d3 g6 11. b4 Bg7 12. h4 {0-1 (35) Cornette,M (2597)-Abdusattorov,N (2534) Porticcio 2018}) 5. g3 Nc6 6. Bg2 {[%emt 0:07:48] A10: English Opening: Unusual Replies for Black} e5 $146 ({Predecessor:} 6... Nge7 7. O-O O-O 8. d4 d5 9. exd5 exd5 10. Nxd5 Nxd5 11. Bxd5 {1-0 (26) Leidorf,S-Brehme,S GER email 2013}) 7. O-O Nf6 8. d3 a5 9. h3 Bc5 10. Na4 Bd4 11. Nxd4 Nxd4 12. f4 d6 13. fxe5 dxe5 14. Bg5 Bc6 15. Nc3 h6 16. Bxf6 gxf6 17. Qd2 Qd6 18. Kh2 Rd8 (18... h5 $11) 19. Rae1 Kf8 20. h4 Bb7 (20... Kg7 $14) 21. Qf2 Kg7 22. Bh3 c6 23. Nd1 Bc8 24. Bxc8 Rxc8 25. Ne3 h5 26. Rg1 Kf8 27. Ref1 Ke7 28. Rc1 Qe6 29. Rgf1 Rcd8 30. Rc3 Rdg8 31. Nf5+ Nxf5 32. exf5 Qd7 33. Qxb6 Rb8 34. Qc5+ Qd6 35. Qa7+ ({But not} 35. Qxa5 Rxb2+ 36. Kh3 Rhb8 $11) 35... Qd7 36. Qc5+ Qd6 37. Qa7+ Qd7 38. Qxd7+ Kxd7 39. Rf2 Rhg8 (39... Kd6 $11) 40. Ra3 Ra8 41. Re2 Kc7 42. c5 Rgb8 43. g4 hxg4 44. d4 Rb4 45. dxe5 fxe5 46. Rxe5 Rxb2+ 47. Kg3 Kb7 48. Re7+ $18 Ka6 49. Rxf7 1-0

[Event "127th NZ Congress 2020"]
[Site "Tauranga"]
[Date "2020.01.19"]
[Round "6.1"]
[White "Johansen, Darryl K"]
[Black "Fernandez, Daniel Howard"]
[Result "1/2-1/2"]
[ECO "A13"]
[WhiteElo "2371"]
[BlackElo "2451"]
[Annotator "ChessBase"]
[PlyCount "87"]
[EventDate "2020.01.14"]
[EventType "swiss"]
[EventCountry "NZL"]
[SourceTitle "playchess.com"]
[Source "ChessBase"]
[SourceQuality "1"]
[TimeControl "40/5400+30:1800+30"]

1. c4 e6 2. Nf3 b6 3. g3 Bb7 4. Bg2 f5 5. d4 Bb4+ 6. Bd2 a5 7. O-O Nf6 8. Bg5 Be7 9. Nc3 O-O 10. Qc2 Qc8 11. Rad1 h6 12. Bxf6 Bxf6 13. e4 g6 14. Rfe1 Na6 15. a3 Rb8 16. h4 Bg7 17. exf5 gxf5 18. d5 Qe8 19. Ne5 Nc5 20. b4 axb4 21. axb4 Ne4 22. Nxe4 Bxe5 23. Nc3 Bd6 24. Qb3 Qf7 25. Nb5 e5 26. Qc3 f4 27. Nxd6 cxd6 28. b5 Rbc8 29. Qd3 Qf5 30. Qxf5 Rxf5 31. Re4 Ra8 32. Bh3 Rf7 33. gxf4 Ra3 34. Bg2 Rc3 35. Rd2 Rg7 36. Kh2 Rg4 37. f3 Rxh4+ 38. Kg1 Kf7 39. Kf2 Ke7 40. Rde2 Kd8 41. R2e3 Rc2+ 42. Re2 Rc3 43. R2e3 Rc2+ 44. Re2 1/2-1/2

[Event "127th NZ Congress 2020"]
[Site "Tauranga"]
[Date "2020.01.19"]
[Round "6.5"]
[White "Clarke, Brandon G I"]
[Black "Pinic, Noel"]
[Result "1-0"]
[ECO "B10"]
[WhiteElo "2438"]
[BlackElo "2054"]
[Annotator "ChessBase"]
[PlyCount "115"]
[EventDate "2020.01.14"]
[EventType "swiss"]
[EventCountry "NZL"]
[SourceTitle "playchess.com"]
[Source "ChessBase"]
[SourceQuality "1"]
[TimeControl "40/5400+30:1800+30"]

1. e4 c6 2. Ne2 e5 3. d4 Nf6 4. Nbc3 exd4 5. Qxd4 d5 6. exd5 Nxd5 7. Nxd5 Qxd5 8. Qxd5 cxd5 9. Be3 Be6 10. O-O-O Nc6 11. Nd4 Bc5 12. g3 O-O-O 13. Bg2 Rhe8 14. h3 h6 15. c3 Bb6 16. Rd2 Rd7 17. Rhd1 Nxd4 18. Bxd4 Bxd4 19. Rxd4 Red8 20. Kd2 Kc7 21. Re1 Rd6 22. g4 h5 23. gxh5 Rh8 24. Bf3 Bxh3 25. Re7+ Rd7 26. Rxd7+ Bxd7 27. Rxd5 g6 28. hxg6 fxg6 29. Rc5+ Kb8 30. Be4 Rf8 31. Ke3 Re8 32. Kd4 Re6 33. Rg5 Rb6 34. b3 Ra6 35. a4 Rb6 36. Bc2 Rf6 37. Ke3 Bc6 38. f4 Be8 39. Be4 Rb6 40. Bd5 Bd7 41. Kd4 Kc7 42. Ke5 Bf5 43. Rg2 Rd6 44. c4 Rd7 45. Rh2 a5 46. b4 axb4 47. Rb2 b6 48. Rxb4 Bc2 49. Kd4 Rd6 50. a5 bxa5 51. Rb7+ Kc8 52. Ra7 a4 53. c5 Rf6 54. c6 Bb3 55. Bg2 Rxf4+ 56. Ke5 Rf7 57. Bh3+ Rf5+ 58. Bxf5+ 1-0

[Event "127th NZ Congress 2020"]
[Site "Tauranga"]
[Date "2020.01.20"]
[Round "7.3"]
[White "Dive, Russell John"]
[Black "Clarke, Brandon G I"]
[Result "1/2-1/2"]
[ECO "A26"]
[WhiteElo "2283"]
[BlackElo "2438"]
[Annotator "ChessBase"]
[PlyCount "55"]
[EventDate "2020.01.14"]
[EventType "swiss"]
[EventCountry "NZL"]
[SourceTitle "playchess.com"]
[Source "ChessBase"]
[SourceQuality "1"]
[TimeControl "40/5400+30:1800+30"]

1. Nf3 g6 2. c4 Bg7 3. g3 e5 4. Nc3 Nc6 5. Bg2 Nge7 6. O-O O-O 7. Rb1 a5 8. a3 f5 9. d3 d6 10. Qc2 h6 11. b4 axb4 12. axb4 Be6 13. b5 Nb8 14. Nd2 c6 15. Bb2 Nd7 16. Ra1 Qb6 17. bxc6 bxc6 18. Rxa8 Rxa8 19. Rb1 Ra6 20. e3 Qa7 21. Bf1 f4 22. exf4 exf4 23. Nce4 Ra2 24. Nc3 Ra5 25. Nce4 Ra2 26. Nc3 Ra5 27. Nce4 Ra2 28. Nc3 1/2-1/2

[Event "127th NZ Congress 2020"]
[Site "Tauranga"]
[Date "2020.01.20"]
[Round "7.9"]
[White "Reilly, Tim"]
[Black "Winter, Ryan"]
[Result "1-0"]
[ECO "E48"]
[WhiteElo "2098"]
[BlackElo "1862"]
[Annotator "NA RC"]
[PlyCount "80"]
[EventDate "2020.01.14"]
[EventType "swiss"]
[EventCountry "NZL"]
[SourceTitle "playchess.com"]
[Source "ChessBase"]
[SourceQuality "1"]
[TimeControl "40/5400+30:1800+30"]

1. d4 Nf6 2. c4 e6 3. Nc3 Bb4 4. e3 O-O 5. Bd3 d5 6. Nge2 dxc4 7. Bxc4 e5 8. O-O Nc6 9. a3 {[%emt 0:02:50] E48: Nimzo-Indian: Rubinstein: 5 Bd3 d5 including 6 Ne2, but excluding 6 a3} Bd6 10. d5 Ne7 11. e4 Ng6 12. b4 a6 13. Ng3 $146 ({Predecessor:} 13. f3 Nh5 14. Be3 Nhf4 15. Kh1 h5 16. g3 Nh3 {½-½ (65) Turov,M (2546)-Sakaev,K (2639) Linares 2001}) 13... Nf4 14. Re1 Bd7 15. Qc2 Re8 16. Bb2 g6 17. Nce2 Nxe2+ 18. Bxe2 c6 19. dxc6 Bxc6 20. Bc4 Qe7 21. Qd2 Rad8 22. Qe3 Bc7 23. Qg5 Nd7 24. Bc1 Qxg5 25. Bxg5 Rc8 26. Rad1 Kg7 27. Bb3 Bb6 28. Ne2 (28. Rd6 $11) 28... f6 29. Bc1 Nb8 30. Nc3 Bd4 31. Nd5 Rcd8 (31... Bxd5 $11 {remains equal.} 32. Bxd5 b5) 32. Nc7 Re7 $1 33. Ne6+ Rxe6 34. Bxe6 Ba4 35. Rd2 Re8 36. Bd5 Bc3 37. Bxb7 Bxd2 (37... Re7 $142 38. Bd5 Nc6) 38. Bxd2 Rd8 39. Be3 $16 Rd3 40. Rc1 Rxa3 1-0

[Event "127th NZ Congress 2020"]
[Site "Tauranga"]
[Date "2020.01.20"]
[Round "7.10"]
[White "Dowden, R.A. Tony"]
[Black "Ning, Isabelle Yixuan"]
[Result "1-0"]
[ECO "A38"]
[WhiteElo "2056"]
[BlackElo "1662"]
[Annotator "NA RC"]
[PlyCount "101"]
[EventDate "2020.01.14"]
[EventType "swiss"]
[EventCountry "NZL"]
[SourceTitle "playchess.com"]
[Source "ChessBase"]
[SourceQuality "1"]
[TimeControl "40/5400+30:1800+30"]

1. Nf3 Nf6 2. c4 g6 3. g3 Bg7 4. Bg2 O-O 5. Nc3 d6 6. d3 c5 7. O-O Nc6 8. a3 a6 9. Rb1 Qc7 {[%emt 0:02:13] A38: Symmetrical English vs ...g6: 4 Bg2 Bg7 5 Nf3 Nf6} (9... Rb8 10. b4 cxb4 11. axb4 b5 12. cxb5 axb5 13. Bd2 Bd7 14. Qc1 Re8 15. Bh6 Bh8 16. h3 d5 17. d4 Bf5 18. Rb3 Ne4 19. Nxe4 dxe4 20. Qxc6 exf3 21. Qxf3 Qxd4 {½-½ (62) Ragger,M (2672)-Giri,A (2732) Warsaw 2013}) 10. b4 cxb4 11. axb4 Bd7 12. b5 axb5 $146 ({Predecessor:} 12... Nd8 13. Bg5 e6 14. Qd2 axb5 15. Nxb5 Bxb5 16. Rxb5 Nd7 17. Rfb1 {1-0 (32) Gemy Vargas,J (2383)-Bezerra,F (1899) Rio Branco 2017}) 13. Nxb5 Qa5 14. Bd2 Qa4 15. Nc3 Qxd1 16. Rfxd1 Rfb8 17. Ne1 Nd8 18. Rb3 Bc6 19. Rdb1 Bxg2 20. Kxg2 Nd7 21. Nd5 e6 22. Nb6 Nxb6 23. Rxb6 Ra2 24. Nf3 Bf8 25. Kf1 Rba8 (25... f6 $142) 26. Bg5 Ra1 27. Bxd8 Rxb1+ 28. Rxb1 Rxd8 29. Rxb7 h6 30. d4 Ra8 31. e3 Kg7 32. g4 g5 33. h4 Kg6 (33... gxh4 $16 {was necessary.} 34. Nxh4 Rc8) 34. h5+ Kf6 35. Nd2 e5 $2 (35... Kg7 36. Ke2 Ra2) 36. Ne4+ Kg7 37. d5 Ra1+ 38. Ke2 Rg1 39. Ng3 Rc1 40. Rc7 Rc2+ $18 41. Kf3 Kg8 42. Rc8 f6 43. Rc7 Ra2 44. Ne4 Bg7 45. Nxd6 Rd2 46. Rc8+ Bf8 47. Ne4 Rc2 48. d6 Kf7 49. c5 Rc1 50. c6 Rd1 51. Rd8 1-0

[Event "127th NZ Congress 2020"]
[Site "Tauranga"]
[Date "2020.01.21"]
[Round "8.7"]
[White "Gong, Daniel Hanwen"]
[Black "Reilly, Tim"]
[Result "1/2-1/2"]
[ECO "B07"]
[WhiteElo "2276"]
[BlackElo "2098"]
[Annotator "ChessBase"]
[PlyCount "133"]
[EventDate "2020.01.14"]
[EventType "swiss"]
[EventCountry "NZL"]
[SourceTitle "playchess.com"]
[Source "ChessBase"]
[SourceQuality "1"]
[TimeControl "40/5400+30:1800+30"]

1. d4 d6 2. e4 Nf6 3. Nc3 g6 4. Bf4 a6 5. e5 Nfd7 6. Nf3 Bg7 7. Qd2 c5 8. exd6 O-O 9. d5 exd6 10. Be2 Nf6 11. a4 Bf5 12. O-O Ne4 13. Nxe4 Bxe4 14. Ng5 Bf5 15. g4 Bc8 16. Ne4 f5 17. gxf5 Bxf5 18. Nxd6 Bh3 19. Rfb1 Bd4 20. Bf1 Qh4 21. Bg3 Rxf2 22. Kh1 Qh5 23. Qd3 Qxd5+ 24. Qe4 Qxe4+ 25. Nxe4 Rxf1+ 26. Rxf1 Bxf1 27. Rxf1 Nd7 28. c3 Bg7 29. Rd1 Re8 30. Rxd7 Rxe4 31. Rxb7 Rxa4 32. Kg2 Ra5 33. Bd6 c4 34. Kf3 Bh6 35. Ke4 Bg7 36. Rb4 Ra2 37. Kd5 Ra5+ 38. Ke6 h5 39. Rxc4 Rb5 40. b4 Kh7 41. Rc7 Rb6 42. c4 g5 43. Kd5 Kg6 44. Kc5 Bd4+ 45. Kxd4 Rxd6+ 46. Kc5 Rd2 47. Rc6+ Kf5 48. Rxa6 Rxh2 49. b5 g4 50. b6 Rb2 51. Ra5 g3 52. Kc6+ Kg4 53. Rb5 Rf2 54. b7 Rf8 55. b8=Q Rxb8 56. Rxb8 h4 57. Rg8+ Kf3 58. Rf8+ Kg2 59. c5 h3 60. Kd7 h2 61. Rh8 h1=Q 62. Rxh1 Kxh1 63. c6 g2 64. c7 g1=Q 65. c8=Q Qg4+ 66. Kc7 Qxc8+ 67. Kxc8 1/2-1/2